 Dungeon Crawl Stone Soup version 0.21.0-3-g78d12a8 (webtiles) character file.

78 Suckerboh the Firebug (level 4, -3/24 HPs)
             Began as a Deep Elf Fire Elementalist on Jan 13, 2018.
             Slain by a worm (4 damage)
             ... on level 2 of the Dungeon.
             The game lasted 00:02:05 (985 turns).

Suckerboh the Firebug (Deep Elf Fire Elementalist)   Turns: 985, Time: 00:02:05

Health: -3/24      AC:  4    Str:  5    XL:     4   Next: 15%
Magic:  4/12       EV: 13    Int: 21    God:
Gold:   60         SH:  0    Dex: 15    Spells: 10/11 levels left

rFire    . . .     SeeInvis .   (no weapon)
rCold    . . .     Gourm    .   (no shield)
rNeg     . . .     Faith    .   a - +0 robe
rPois    .         Spirit   .   (no helmet)
rElec    .         Reflect  .   (no cloak)
rCorr    .         Harm     .   (no gloves)
MR       .....                  j - +1 pair of boots
Stlth    ++........             (no amulet)
HPRegen  0.08/turn              (no ring)
MPRegen  0.13/turn              (no ring)

@: slowed, very slow
A: no striking features
a: no special abilities


You were on level 2 of the Dungeon.
You were not hungry.

You visited 1 branch of the dungeon, and saw 2 of its levels.

You collected 60 gold pieces.

Inventory:

Armour
 a - a +0 robe (worn)
 j - a +1 pair of boots (worn)
Jewellery
 d - an uncursed ring of flight {unknown}
Scrolls
 e - a scroll of identify {unknown}
 f - a scroll of amnesia {unknown}
 k - a scroll of remove curse {unknown}
Potions
 h - a potion of invisibility {unknown}
 i - 2 potions of might {unknown}
 l - a potion of heal wounds {unknown}
Books
 b - a book of Flames

   Spells                             Type                      Level
   a - Flame Tongue                   Conjuration/Fire             1
   b - Throw Flame                    Conjuration/Fire             2
   c - Conjure Flame                  Conjuration/Fire             3
   d - Inner Flame                    Hexes/Fire                   3
   e - Sticky Flame                   Conjuration/Fire             4
   f - Fireball                       Conjuration/Fire             5
Comestibles
 c - 2 rations
 g - 3 chunks of flesh


   Skills:
 + Level 2.6 Dodging
 - Level 2.4 Stealth
 + Level 4.0 Spellcasting
 * Level 2.5 Conjurations
 + Level 4.3 Fire Magic


You had 10 spell levels left.
You knew the following spells:

 Your Spells              Type           Power        Failure   Level  Hunger
a - Flame Tongue          Conj/Fire      ###..        3%          1    None


Dungeon Overview and Level Annotations

Branches:
Dungeon (2/15)

Altars:
Wu Jian

Annotations:
D:2 Terence


Message History

Press: ? - help, Shift-Dir - straight line, f/p - Natasha
Aim: Natasha (almost dead)
The flame tongue hits Natasha.
Natasha appears unharmed.
Natasha is almost dead.
Natasha casts a spell at you. The magic dart hits you!
The worm closely misses you. Natasha claws you.
* * * LOW HITPOINT WARNING * * *
Casting: Flame Tongue
Confirm with . or Enter, or press ? or * to list all spells.
Aiming: Flame Tongue
Press: ? - help, Shift-Dir - straight line, f/p - Natasha
Aim: Natasha (almost dead)
The flame tongue hits Natasha.
You kill Natasha!
Natasha screams in fury as she dies!
Your Spellcasting skill increases to level 4!
You have reached level 4!
You feel clever. The worm bites you.
You die...

...........#
....<......#
...#######.# .
+#.... .. ..
...... ###...
#######
########..<..#
#............#
#............#
#.$..$@†...#
#......w...#
#..........#
#..........#
#............
#.........####
########...
####


You could see a worm.

Vanquished Creatures
  Natasha (twice) (D:2)
  A dart slug (D:2)
  4 goblins (D:1)
  6 hobgoblins
  2 kobolds (D:1)
  4 bats
  5 frilled lizards (D:1)
  4 rats (D:1)
28 creatures vanquished.

Notes
Turn   | Place    | Note
-------+----------+-------------------------------------------
     0 | D:1      | Suckerboh the Deep Elf Fire Elementalist began the quest for the Orb.
     0 | D:1      | Reached XP level 1. HP: 10/10 MP: 6/6
   322 | D:1      | Reached XP level 2. HP: 15/15 MP: 6/8
   742 | D:2      | Noticed Terence
   807 | D:2      | Found an ornate altar of the Wu Jian Council.
   812 | D:2      | Reached XP level 3. HP: 19/19 MP: 6/10
   861 | D:2      | Noticed Natasha
   869 | D:2      | Killed Natasha
   978 | D:2      | Noticed Natasha
   985 | D:2      | Killed Natasha
   985 | D:2      | Reached XP level 4. HP: 1/24 MP: 4/12
   985 | D:2      | Slain by a worm

Skill      XL: |  1  2  3 |
---------------+----------+-----
Fire Magic     | 4 |  4.3
Conjurations   | 2 |  2.5
Spellcasting   | 4 |  4.0
Dodging        | |  2.6
Stealth        | |  2.4

Action                   |  1- 3 |  4- 6 || total
-------------------------+-------+-------++-------
Melee: Unarmed           |     2 |       ||     2
 Cast: Flame Tongue      |    51 |     1 ||    52
Armor: Robe              |     9 |       ||     9
Dodge: Dodged            |    21 |       ||    21
